General information
- name: BNet
- type: Ladder team game (AT/RT)
- host: Battle.net
- saver: AngryPeons
map: TwilightRuins
- players: 8
- length: 35:49
- speed: Fast
- version: 1.28 W3XP
- replay type: Public
» download(266 KB)
Players
team 1 (loser)
couple (
blue | 139 APM | 3196 actions | 23:01)
3 Keeper of the Grove
2 Entangling Roots
1 Thorns Aura
3 Naga Sea Witch
1 Frost Arrows
2 Forked Lightning
» actions
| Assign group hotkey | 196 | |
| Basic commands | 178 | |
| Build / train | 85 | |
| Enter build submenu | 27 | |
| Enter hero's abilities submenu | 7 | |
| Give item / drop item | 1 | |
| Remove unit from queue | 10 | |
| Right click | 1207 | |
| Select / deselect | 233 | |
| Select group hotkey | 1164 | |
| Use ability | 88 | |
3196 total
» units
| Wisp | 27 | |
| Dryad | 12 | |
| Druid of the Claw | 2 | |
41 total
» upgrades
| Strength of the Wild | 2 | |
| Abolish Magic | 2 | |
| Druid of the Claw Training | 2 | |
| Mark of the Claw | 1 | |
7 total
» buildings
| Altar of Elders | 1 | |
| Moon Well | 7 | |
| Tree of Ages | 3 | |
| Hunter's Hall | 1 | |
| Ancient of Wonders | 1 | |
| Ancient of Lore | 2 | |
| Ancient Protector | 11 | |
| Tree of Life | 3 | |
| Tree of Eternity | 1 | |
30 total
» build order
00:05 Altar of Elders
00:17 Moon Well
01:55 Tree of Ages
01:55 Tree of Ages
01:55 Tree of Ages
02:09 Moon Well
02:15 Hunter's Hall
02:26 Moon Well
03:30 Ancient of Wonders
04:20 Ancient of Lore
04:21 Ancient of Lore
04:36 Moon Well
04:37 Moon Well
08:09 Moon Well
08:10 Moon Well
08:59 Ancient Protector
09:00 Ancient Protector
11:31 Tree of Life
12:09 Tree of Eternity
15:13 Ancient Protector
15:14 Ancient Protector
15:33 Ancient Protector
15:44 Ancient Protector
16:30 Ancient Protector
16:30 Ancient Protector
17:23 Ancient Protector
17:23 Ancient Protector
17:44 Ancient Protector
20:02 Tree of Life
21:22 Tree of Life
» items
| Healing Salve | 1 | |
| Lesser Clarity Potion | 1 | |
| Scroll of Healing | 4 | |
| Potion of Lesser Invulnerability | 3 | |
| Scroll of Town Portal | 2 | |
11 total
AngryPeons (
orange | 53 APM | 1909 actions | 35:49)
5 Blademaster
3 Wind Walk
2 Critical Strike
» actions
| Assign group hotkey | 180 | |
| Basic commands | 214 | |
| Build / train | 81 | |
| Enter build submenu | 48 | |
| Enter hero's abilities submenu | 5 | |
| Give item / drop item | 17 | |
| Right click | 529 | |
| Select / deselect | 410 | |
| Select group hotkey | 316 | |
| Use ability | 109 | |
1909 total
» units
| Peon | 11 | |
| Grunt | 5 | |
| Goblin Shredder | 2 | |
| Goblin Zeppelin | 5 | |
| Wind Rider | 12 | |
| Goblin Sapper | 12 | |
47 total
» upgrades
| Reinforced Defenses | 1 | |
| Envenomed Spears | 1 | |
| Ranged Weapons | 3 | |
| Armor | 3 | |
| Ensnare | 1 | |
| Melee Weapons | 1 | |
| Liquid Fire | 1 | |
| Troll Regeneration | 1 | |
| Burning Oil | 1 | |
13 total
» buildings
| Orc Burrow | 7 | |
| Altar of Storms | 1 | |
| Barracks | 1 | |
| Voodoo Lounge | 2 | |
| Stronghold | 1 | |
| Great Hall | 1 | |
| Fortress | 1 | |
| War Mill | 2 | |
| Beastiary | 4 | |
| Watch Tower | 31 | |
51 total
» build order
00:10 Orc Burrow
00:50 Altar of Storms
00:53 Barracks
01:24 Orc Burrow
01:56 Voodoo Lounge
02:08 Voodoo Lounge
02:56 Stronghold
03:55 Orc Burrow
04:30 Great Hall
05:37 Fortress
06:15 War Mill
08:04 Beastiary
08:05 Beastiary
08:05 Beastiary
08:41 Beastiary
09:16 Watch Tower
09:18 Watch Tower
09:20 Watch Tower
09:21 Watch Tower
09:23 Watch Tower
10:59 War Mill
11:13 Orc Burrow
11:17 Orc Burrow
12:15 Watch Tower
12:15 Watch Tower
12:24 Watch Tower
12:27 Watch Tower
12:38 Watch Tower
12:38 Watch Tower
12:39 Watch Tower
12:40 Watch Tower
12:40 Watch Tower
12:42 Watch Tower
12:43 Watch Tower
12:44 Watch Tower
12:44 Watch Tower
12:45 Watch Tower
12:54 Watch Tower
12:56 Watch Tower
12:58 Watch Tower
13:00 Watch Tower
13:02 Watch Tower
13:07 Orc Burrow
14:20 Watch Tower
14:21 Watch Tower
14:22 Watch Tower
15:52 Orc Burrow
15:54 Watch Tower
15:57 Watch Tower
15:59 Watch Tower
16:01 Watch Tower
» items
| Healing Salve | 4 | |
| Boots of Speed | 1 | |
| Scroll of Town Portal | 3 | |
| Lesser Clarity Potion | 1 | |
| Tiny Great Hall | 1 | |
| Orb of Lightning | 1 | |
| Staff of Teleportation | 1 | |
| Periapt of Vitality | 1 | |
13 total

»
JBGarrison72 (
teal | 23 APM | 810 actions | 35:49)
5 Dreadlord
3 Vampiric Aura
2 Sleep
» actions
| Basic commands | 163 | |
| Build / train | 61 | |
| Enter build submenu | 27 | |
| Enter hero's abilities submenu | 5 | |
| Give item / drop item | 1 | |
| Right click | 176 | |
| Select / deselect | 320 | |
| Use ability | 57 | |
810 total
» units
| Acolyte | 8 | |
| Ghoul | 21 | |
| Crypt Fiend | 4 | |
33 total
» upgrades
| Cannibalize | 1 | |
| Unholy Armor | 2 | |
| Unholy Strength | 2 | |
| Web | 1 | |
6 total
» buildings
| Crypt | 1 | |
| Ziggurat | 15 | |
| Tomb of Relics | 1 | |
| Altar of Darkness | 1 | |
| Nerubian Tower | 4 | |
| Graveyard | 2 | |
| Halls of the Dead | 1 | |
| Necropolis | 1 | |
| Spirit Tower | 4 | |
| Black Citadel | 1 | |
31 total
» build order
00:28 Crypt
00:33 Ziggurat
01:05 Tomb of Relics
01:19 Altar of Darkness
01:27 Nerubian Tower
01:58 Ziggurat
03:03 Ziggurat
03:08 Nerubian Tower
04:34 Graveyard
04:43 Nerubian Tower
05:48 Halls of the Dead
09:53 Ziggurat
10:32 Ziggurat
10:49 Nerubian Tower
12:29 Ziggurat
14:08 Necropolis
14:16 Spirit Tower
14:22 Graveyard
14:34 Ziggurat
16:37 Black Citadel
18:29 Ziggurat
18:48 Ziggurat
18:51 Ziggurat
20:06 Ziggurat
20:09 Ziggurat
20:12 Ziggurat
20:15 Ziggurat
20:20 Ziggurat
20:31 Spirit Tower
21:33 Spirit Tower
24:47 Spirit Tower
» items
| Rod of Necromancy | 1 | |
| Scroll of Town Portal | 1 | |
| Potion of Healing | 1 | |
| Claws of Attack +6 | 1 | |
| Potion of Invulnerability | 1 | |
5 total
DYBALA (
yellow | 31 APM | 867 actions | 27:59)
5 Blademaster
3 Wind Walk
2 Critical Strike
» actions
| Assign group hotkey | 16 | |
| Build / train | 50 | |
| Enter build submenu | 20 | |
| Enter hero's abilities submenu | 5 | |
| Right click | 294 | |
| Select / deselect | 210 | |
| Select group hotkey | 227 | |
| Use ability | 45 | |
867 total
» units
| Peon | 13 | |
| Grunt | 6 | |
| Raider | 9 | |
| Kodo Beast | 4 | |
32 total
» upgrades
| Armor | 2 | |
| Melee Weapons | 2 | |
| War Drums Damage Increase | 1 | |
| Ensnare | 1 | |
6 total
» buildings
| Orc Burrow | 7 | |
| Altar of Storms | 1 | |
| Barracks | 1 | |
| War Mill | 1 | |
| Voodoo Lounge | 1 | |
| Stronghold | 1 | |
| Watch Tower | 6 | |
| Beastiary | 2 | |
| Fortress | 1 | |
| Great Hall | 1 | |
22 total
» build order
00:22 Orc Burrow
00:37 Altar of Storms
00:52 Barracks
01:37 Orc Burrow
01:53 War Mill
04:09 Orc Burrow
04:24 Voodoo Lounge
04:34 Orc Burrow
04:40 Stronghold
05:29 Watch Tower
06:47 Watch Tower
07:12 Beastiary
09:36 Beastiary
09:40 Orc Burrow
10:32 Orc Burrow
12:39 Fortress
14:05 Great Hall
15:05 Watch Tower
15:09 Watch Tower
17:09 Watch Tower
17:13 Watch Tower
25:15 Orc Burrow
» items
| Lesser Clarity Potion | 2 | |
| Scroll of Speed | 1 | |
| Healing Salve | 1 | |
4 total
team 2 (winner)
chumly (
pink | 34 APM | 340 actions | 09:58)
4 Blademaster
2 Critical Strike
2 Wind Walk
1 Shadow Hunter
1 Healing Wave
» actions
| Assign group hotkey | 6 | |
| Build / train | 35 | |
| Enter build submenu | 12 | |
| Enter hero's abilities submenu | 5 | |
| Give item / drop item | 1 | |
| Right click | 92 | |
| Select / deselect | 105 | |
| Select group hotkey | 57 | |
| Use ability | 27 | |
340 total
» units
» upgrades
| Pillage | 1 | |
| Melee Weapons | 1 | |
| Armor | 1 | |
| Ensnare | 1 | |
4 total
» buildings
| Barracks | 1 | |
| Orc Burrow | 5 | |
| Altar of Storms | 1 | |
| Voodoo Lounge | 1 | |
| Stronghold | 1 | |
| Great Hall | 1 | |
| War Mill | 1 | |
| Fortress | 1 | |
| Beastiary | 2 | |
14 total
» build order
00:36 Barracks
00:44 Orc Burrow
01:20 Altar of Storms
01:23 Orc Burrow
02:00 Orc Burrow
02:18 Voodoo Lounge
05:04 Stronghold
05:54 Great Hall
06:33 War Mill
06:37 Orc Burrow
06:41 Orc Burrow
08:27 Fortress
08:30 Beastiary
08:30 Beastiary
» items
| Healing Salve | 1 | |
| Staff of Teleportation | 1 | |
2 total

»
MunchThatDong (
purple | 39 APM | 1381 actions | 35:49)
2 Mountain King
1 Storm Bolt
1 Bash
» actions
| Assign group hotkey | 14 | |
| Basic commands | 26 | |
| Build / train | 45 | |
| Enter build submenu | 22 | |
| Enter hero's abilities submenu | 2 | |
| Remove unit from queue | 3 | |
| Right click | 689 | |
| Select / deselect | 402 | |
| Select group hotkey | 96 | |
| Use ability | 82 | |
1381 total
» units
| Peasant | 17 | |
| Footman | 8 | |
| Tauren | 3 | |
| Kodo Beast | 1 | |
29 total
» upgrades
| Defend | 1 | |
| War Drums Damage Increase | 1 | |
2 total
» buildings
| Altar of Kings | 1 | |
| Farm | 5 | |
| Scout Tower | 4 | |
| Barracks | 2 | |
| Arcane Tower | 2 | |
| Arcane Vault | 1 | |
| Lumber Mill | 1 | |
| Keep | 1 | |
| Guard Tower | 1 | |
| Tauren Totem | 2 | |
| Spirit Lodge | 1 | |
| Watch Tower | 3 | |
24 total
» build order
00:05 Altar of Kings
00:14 Farm
00:36 Scout Tower
00:48 Barracks
01:21 Farm
01:52 Barracks
02:11 Arcane Tower
02:19 Farm
04:07 Scout Tower
04:17 Scout Tower
04:38 Arcane Vault
04:41 Arcane Tower
04:46 Lumber Mill
05:26 Farm
05:50 Keep
05:54 Guard Tower
06:34 Scout Tower
06:51 Farm
08:14 Guard Tower
11:39 Tauren Totem
11:42 Tauren Totem
11:49 Spirit Lodge
12:56 Watch Tower
12:59 Watch Tower
13:16 Watch Tower
» items
| Scroll of Regeneration | 1 | |
| Scroll of Speed | 1 | |
| Lesser Clarity Potion | 2 | |
| Healing Salve | 1 | |
5 total
SLICE-OF-BRED (
red | 56 APM | 2019 actions | 35:49)
5 Blademaster
3 Wind Walk
2 Critical Strike
» actions
| Assign group hotkey | 30 | |
| Basic commands | 103 | |
| Build / train | 67 | |
| Enter build submenu | 45 | |
| Enter hero's abilities submenu | 5 | |
| Remove unit from queue | 4 | |
| Right click | 737 | |
| Select / deselect | 292 | |
| Select group hotkey | 612 | |
| Use ability | 124 | |
2019 total
» units
| Peon | 20 | |
| Goblin Shredder | 1 | |
| Troll Batrider | 17 | |
| Goblin Zeppelin | 3 | |
41 total
» upgrades
| Ranged Weapons | 2 | |
| Reinforced Defenses | 1 | |
| Liquid Fire | 2 | |
| Armor | 1 | |
6 total
» buildings
| Altar of Storms | 1 | |
| Orc Burrow | 4 | |
| War Mill | 1 | |
| Watch Tower | 59 | |
| Great Hall | 2 | |
| Stronghold | 1 | |
| Fortress | 2 | |
| Beastiary | 2 | |
| Voodoo Lounge | 1 | |
73 total
» build order
00:14 Altar of Storms
00:20 Orc Burrow
00:38 War Mill
01:51 Orc Burrow
02:01 Watch Tower
02:28 Watch Tower
03:07 Great Hall
03:27 Watch Tower
03:40 Watch Tower
04:07 Watch Tower
04:39 Stronghold
05:04 Watch Tower
05:19 Orc Burrow
06:38 Watch Tower
06:39 Watch Tower
06:39 Watch Tower
07:02 Watch Tower
07:07 Watch Tower
07:14 Fortress
07:14 Fortress
08:00 Watch Tower
08:01 Watch Tower
08:41 Beastiary
08:46 Beastiary
09:28 Watch Tower
09:29 Watch Tower
09:33 Watch Tower
09:56 Voodoo Lounge
10:03 Watch Tower
10:03 Watch Tower
10:04 Watch Tower
10:19 Watch Tower
10:35 Watch Tower
11:09 Watch Tower
11:20 Watch Tower
11:21 Watch Tower
11:35 Watch Tower
11:41 Watch Tower
11:42 Watch Tower
12:36 Watch Tower
13:29 Watch Tower
13:37 Watch Tower
13:42 Watch Tower
13:42 Watch Tower
13:43 Watch Tower
14:09 Orc Burrow
14:12 Watch Tower
14:27 Watch Tower
15:21 Watch Tower
15:22 Watch Tower
16:55 Watch Tower
16:55 Watch Tower
16:56 Watch Tower
17:47 Watch Tower
20:16 Watch Tower
20:17 Watch Tower
21:31 Watch Tower
21:32 Watch Tower
21:32 Watch Tower
21:44 Watch Tower
21:45 Watch Tower
23:16 Watch Tower
23:17 Watch Tower
24:48 Great Hall
24:50 Watch Tower
24:51 Watch Tower
24:51 Watch Tower
24:52 Watch Tower
30:58 Watch Tower
30:58 Watch Tower
30:59 Watch Tower
30:59 Watch Tower
31:00 Watch Tower
» items
| Staff of Teleportation | 1 | |
| Scroll of Town Portal | 2 | |
| Boots of Speed | 1 | |
| Potion of Lesser Invulnerability | 1 | |
| Healing Salve | 1 | |
| Orb of Lightning | 1 | |
7 total
Chat log
(00:09 / All) JBGarrison72: Bobjake is that you?
(00:23 / All) JBGarrison72: This going to be uploaded to High Perch?
(00:40 / Allies) AngryPeons: rush?
(00:44 / Allies) AngryPeons: or cc?
(00:57 / Allies) couple: im gonna keep hrassing top
(00:58 / Allies) AngryPeons: cc it is then
(01:10 / Allies) AngryPeons: what units u going yellow?
(04:58 / Allies) DYBALA: blue
(05:00 / Allies) DYBALA: we go back
(05:07 / Allies) couple: yup
(07:16 / Allies) couple: come
(07:18 / Allies) AngryPeons: I'll tp soon teal
(07:20 / Allies) AngryPeons: I gotta heal hang on
(08:47 / All) AlexGayJones125: sorry
(08:50 / All) AlexGayJones125: you've been alex joned
(08:57 / All) MunchThatDong: afk
(09:01 / All) AlexGayJones125: Im an asshole
(09:05 / All) AlexGayJones125: I alex jone people
(09:08 / All) MunchThatDong: neat=o
(09:15 / All) AlexGayJones125: verizon party! fios in the house!
(10:39 / All) MunchThatDong: intnese
(10:42 / All) MunchThatDong: intense
(10:57 / All) DYBALA: sry purp
(11:22 / All) MunchThatDong: s'all good
(13:34 / All) SLICE-OF-BRED: u guys are nubs
(13:41 / All) DYBALA: ya?
(14:07 / All) DYBALA: how so
(14:57 / All) SLICE-OF-BRED: look at this try hard
(15:07 / All) couple: ure still here
(15:15 / All) SLICE-OF-BRED: cuz im gonna win bitch
(15:22 / All) DYBALA: lols
(15:33 / All) SLICE-OF-BRED: i need this win for my clan
(16:15 / All) SLICE-OF-BRED: lol
(16:17 / All) SLICE-OF-BRED: hacker too
(16:22 / All) couple: ur an idiot
(16:44 / All) SLICE-OF-BRED: im gona win like i said
(16:49 / All) couple: lmao
(16:51 / All) couple: sure u will
(17:27 / Allies) couple: orange team killing
(17:43 / All) JBGarrison72: Bobjake
(17:50 / Allies) AngryPeons: gold please
(17:54 / Allies) couple: end it
(17:58 / Allies) couple: orange is team killing
(18:00 / All) JBGarrison72: Sorry Bobjake, no gold for you
(18:10 / Allies) AngryPeons: gold please
(18:24 / All) JBGarrison72: Uploading this to Highperch are you?
(19:09 / All) SLICE-OF-BRED: leave nubs
(20:02 / All) SLICE-OF-BRED: nub
(21:05 / Allies) DYBALA: yes blue
(21:42 / Allies) DYBALA: oj why
(21:50 / Allies) AngryPeons: you not share gold, now you die
(21:50 / Allies) JBGarrison72: just take down red and we can finish oj
(21:54 / Allies) AngryPeons: no share = no win
(21:57 / Allies) JBGarrison72: he does this all the time
(22:55 / Allies) DYBALA: alright...
(23:04 / All) SLICE-OF-BRED: out lol
(23:18 / All) DYBALA: sigh
(23:21 / All) SLICE-OF-BRED: thank u
(23:23 / All) SLICE-OF-BRED: very much
(23:26 / All) SLICE-OF-BRED: u may leave
(23:26 / All) JBGarrison72: not much to upload to high perch there bobjake
(23:41 / All) DYBALA: oj tk must be nice
(23:46 / All) AngryPeons: NO SHARE
(23:48 / All) AngryPeons: NO WIN
(23:49 / All) AngryPeons: GIVE GOLD
(23:53 / All) JBGarrison72: Yellow, him and red are professional trolls
(23:54 / All) AngryPeons: OR WE ARE ALL DOOMED
(23:57 / All) JBGarrison72: They do this all the time
(24:02 / All) JBGarrison72: They upload the chat logs
(24:06 / All) JBGarrison72: to a website
(24:12 / All) JBGarrison72: because of the laughs they get from it
(24:15 / All) SLICE-OF-BRED: lawl
(24:21 / All) SLICE-OF-BRED: what shall we discuss today
(24:23 / All) MunchThatDong: dope
(24:23 / All) SLICE-OF-BRED: mor epolitics?
(24:27 / All) JBGarrison72: Yep, i found the site
(24:37 / All) SLICE-OF-BRED: how did u know
(24:42 / All) JBGarrison72: also, was that you guys who sent me fake account friend request on facebook?
(24:56 / All) AngryPeons: No
(25:03 / All) JBGarrison72: Ok, didn't think so but thought i'd ask
(25:05 / All) SLICE-OF-BRED: i dont use FB, maybe oj
(25:16 / All) JBGarrison72: Someone wanted to dox me
(25:24 / All) JBGarrison72: Not that it would yield anything interesting
(25:26 / All) AngryPeons: You can add me
(25:29 / All) AngryPeons: Richard Everhard
(25:42 / All) JBGarrison72: That's pretty juvenile name, just sayin
(25:57 / All) AngryPeons: Take it up wtih my parents
(25:59 / All) AngryPeons: They gave me the name
(26:07 / All) JBGarrison72: In Indiana?
(26:08 / All) SLICE-OF-BRED: blue logged off
(26:12 / All) AngryPeons: ys
(26:16 / All) JBGarrison72: The great state of?
(26:22 / All) JBGarrison72: That is to say, not California?
(26:24 / All) AngryPeons: The finest state of the Union
(26:34 / All) SLICE-OF-BRED: teal u could have beat us if u rushed my base
(26:36 / All) JBGarrison72: Hey, thanks for leaving me with a ghoul...
(26:39 / All) JBGarrison72: that was cool
(26:53 / All) JBGarrison72: Maybe could have pulled it off
(26:55 / All) AngryPeons: CAlling all cars
(26:58 / All) AngryPeons: We got a fugitive from the law
(26:59 / All) JBGarrison72: but, would it matter?
(27:16 / All) JBGarrison72: Yellow give it up bro... these guys do this for a living
(27:20 / All) SLICE-OF-BRED: yes i needed to buy time for him to stab
(27:20 / All) DYBALA: lol oj
(27:34 / All) JBGarrison72: It's sort of a game now to spot them early game
(27:48 / All) SLICE-OF-BRED: im the gurl in the relationship
(27:50 / All) SLICE-OF-BRED: BTW guys
(27:53 / All) AngryPeons: He's the court jester
(27:58 / All) SLICE-OF-BRED: teal is right, me and oj are friends
(28:19 / All) JBGarrison72: Ok, so, I'm still reading The Black Arrow... it's a classic
(28:27 / All) SLICE-OF-BRED: read the witcher man
(28:29 / All) SLICE-OF-BRED: play games too
(28:31 / All) JBGarrison72: Gonna alt-tab while you guys sort out the division of the world, k?
(28:40 / All) AngryPeons: Read The Biological Jew by Eustace Mullins instead
(29:05 / All) JBGarrison72: Not really concerned with biological jews though
(29:10 / All) JBGarrison72: Why is that even important?
(29:15 / All) AngryPeons: Read it and find out
(29:16 / All) JBGarrison72: Talmudism is a thing though
(29:25 / All) JBGarrison72: Are they from another planet?
(29:33 / All) JBGarrison72: Or... super beings?
(29:40 / All) JBGarrison72: Ancient Aliens?
(29:52 / All) AngryPeons: read it and find out
(29:55 / All) JBGarrison72: Imputting blue's wells on aut heal
(30:04 / All) JBGarrison72: Is there a cliff notes for it?
(30:28 / All) MunchThatDong: serious trollage
(30:42 / All) MunchThatDong: i must say, im impressed
(30:51 / All) JBGarrison72: :/
(30:53 / All) SLICE-OF-BRED: game sucked cuz green was stabber
(31:06 / All) AngryPeons: green is an amateur
(31:11 / All) JBGarrison72: So he recognied you?
(31:22 / All) SLICE-OF-BRED: he always tks
(31:25 / All) JBGarrison72: Which one of you is Bobjake?
(31:29 / All) SLICE-OF-BRED: me
(31:39 / All) AngryPeons: It's two peoplke
(31:46 / All) JBGarrison72: Ok, makes sense
(32:05 / All) JBGarrison72: The Highperch site is decently built
(32:09 / All) JBGarrison72: kind of old school
(32:12 / All) SLICE-OF-BRED: they dont like oj
(32:14 / All) SLICE-OF-BRED: cuz hes racist
(32:17 / All) AngryPeons: that's bear_and's site
(32:19 / Allies) JBGarrison72: not racist...
(32:22 / Allies) JBGarrison72: racism isn't a thing
(32:29 / All) JBGarrison72: Racism is a word that makes no sense
(32:30 / All) AngryPeons: he's a puss that deletes replays with the word "rape" in them
(32:48 / All) JBGarrison72: I'm a Confederate... has nothing to do with racism
(32:52 / All) JBGarrison72: ;)
(33:02 / All) AngryPeons: bear_and is canadian SJW
(33:04 / All) JBGarrison72: Abraham Lincoln was a tyrant though
(33:04 / All) AngryPeons: male feminist
(33:12 / All) JBGarrison72: Ew, feminism
(33:33 / All) JBGarrison72: So do you guys consider yourselves to be...
(33:34 / All) SLICE-OF-BRED: standoff done my side
(33:36 / All) JBGarrison72: Alt-Right?
(33:40 / All) JBGarrison72: Kekistanis?
(33:51 / All) JBGarrison72: what's your flavor of interweb activism?
(33:54 / All) SLICE-OF-BRED: uh, i want less taxes for the poor and more taxes for rich
(33:55 / All) AngryPeons: Paleo conservative
(34:10 / All) JBGarrison72: Paleo Conservative...
(34:23 / All) JBGarrison72: So you were alive during the Reagan years?
(34:27 / All) JBGarrison72: And coherently aware?
(34:40 / All) AngryPeons: Paleoconservatism is still around...
(34:45 / All) AngryPeons: Pat Buchanan for an example
(34:52 / All) AngryPeons: Trump is essentially paleo conservative
(35:08 / All) JBGarrison72: All those people are run by Israel to some degree, I'm pretty convinced
(35:23 / All) SLICE-OF-BRED: yes
(35:40 / All) JBGarrison72: I'm AnCap
(35:45 / All) AngryPeons: Best of luck to each of you, may the best man win